 Dungeon Crawl Stone Soup version 0.19-a0-981-gaae9137 (webtiles) character file.

296380 mistymad the Slayer (level 20, -8/182 HPs)
             Began as a Merfolk Monk on July 15, 2016.
             Was a High Priest of Fedhas.
             Mangled by an Ice Fiend (15 damage)
             ... summoned by a deep elf demonologist
             ... in a wizard's laboratory.
             The game lasted 02:49:12 (51361 turns).

mistymad the Slayer (Merfolk Monk)                 Turns: 51361, Time: 02:49:13

Health: -8/182     AC: 24    Str: 30    XL:     20   Next: 90%
Magic:  33/33      EV: 33    Int:  9    God:    Fedhas [*****.]
Gold:   1111       SH: 22    Dex: 30    Spells: 0 memorised, 19 levels left

rFire  + . .     SeeInvis +     R - +8 demon trident (pierce)
rCold  + . .     Gourm    .     Q - +8 ring mail of the Blessed Realm {MP+9 Dex+2}
rNeg   . . .     Faith    .     G - +0 shield {rC+ rF+}
rPois  .         Spirit   .     f - +0 helmet of Hepliaklqana {Str+4}
rElec  .         Dismiss  .     E - +0 cloak {MR+}
rCorr  .         Reflect  +     P - +2 pair of gloves {Str+3}
SustAt .         Harm     .     K - +0 pair of boots {run}
MR     ++...                    v - amulet of Surprise {Reflect Dex+2 SH+5}
Stlth  ++........               W - ring of Neofi {Str+4 Dex+8, =R}
                                T - ring of see invisible

@: quick, very resistant to hostile enchantments, unstealthy
A: change form in water, swift swim, screaming 1
a: Evolution, Sunlight, Growth, Reproduction, Rain, Renounce Religion
}: 2/15 runes: serpentine, barnacled


You were in a wizard's laboratory.
You worshipped Fedhas.
Fedhas was extremely pleased with you.
You were hungry.

You visited 7 branches of the dungeon, and saw 34 of its levels.
You also visited: Labyrinth, Sewer, Ice Cave and Wizlab.

You collected 3970 gold pieces.
You spent 2859 gold pieces at shops.

Inventory:

Hand Weapons
 R - a +8 demon trident of piercing (weapon)
Missiles
 H - 14 throwing nets (quivered)
Armour
 f - the +0 helmet of Hepliaklqana (worn) {Str+4}
   (You found it in a labyrinth)

   It affects your strength (+4).
 E - a +0 cloak of magic resistance (worn)
 G - a +0 shield of resistance (worn)
 K - a +0 pair of boots of running (worn)
 P - a +2 pair of gloves of strength (worn)
 Q - the +8 ring mail of the Blessed Realm (worn) {MP+9 Dex+2}
   (You found it in a labyrinth)

   It affects your dexterity (+2).
   It affects your magic capacity (+9).
Jewellery
 d - an uncursed ring of protection from fire
 v - the amulet of Surprise (around neck) {Reflect Dex+2 SH+5}
   (You bought it in a shop on level 8 of the Dungeon)

   [amulet of reflection]

   It shields you and reflects attacks.
   It affects your dexterity (+2).
   It affects your SH (+5).
 C - an uncursed ring of ice
 F - an uncursed ring of flight
 T - a ring of see invisible (left hand)
 W - the ring of Neofi (right hand) {Str+4 Dex+8, =R}
   (You bought it in a shop on level 8 of the Dungeon)

   [ring of strength]

   It affects your strength (+4).
   It affects your dexterity (+8).
Wands
 s - a wand of acid (11/15)
 t - a wand of paralysis (14/24)
 u - a wand of lightning (5/15)
 y - a wand of digging (15/24)
 N - a wand of confusion (23/48)
 O - a wand of flame (10/48)
 X - a wand of acid (1/15)
 Z - a wand of hasting (2/9)
Scrolls
 e - 15 scrolls of remove curse
 l - a scroll of fear
 m - 6 scrolls of teleportation
 n - 2 scrolls of vulnerability
 o - 2 scrolls of identify
 p - 4 scrolls of fog
 w - 9 scrolls of enchant armour
 I - 3 scrolls of holy word
Potions
 a - a potion of heal wounds
 b - a potion of cancellation
 g - 3 potions of might
 k - 3 potions of brilliance
 q - 4 potions of mutation
 z - a potion of haste
 A - 3 potions of resistance
 B - 6 potions of flight
 M - 2 potions of magic
 S - a potion of cure mutation
 U - 3 potions of agility
 V - 5 potions of curing
 Y - 2 potions of beneficial mutation
Miscellaneous
 r - 3 phantom mirrors
Comestibles
 c - 13 bread rations
 h - 16 meat rations
 i - 9 beef jerkies
 j - 16 fruits
 x - 3 royal jellies
 D - 3 chunks of flesh
 J - 3 slices of pizza


   Skills:
 + Level 22.2 Fighting
 - Level 14.2 Polearms
 - Level 13.0 Armour
 - Level 20.3 Dodging
 - Level 2.1 Stealth
 + Level 15.0 Shields
 - Level 6.1 Invocations


You had 19 spell levels left.
You didn't know any spells.

Dungeon Overview and Level Annotations

Branches:
Dungeon (15/15)            Temple (1/1) D:6            Lair (6/6) D:8
 Shoals (4/4) Lair:4        Snake (4/4) Lair:4        Slime (0/5) Lair:5
    Orc (2/2) D:10            Elf (0/3) Orc:2        Vaults (2/5) D:14
  Crypt (0/3) Vaults:2     Depths (0/5) D:15

Altars:
Ashenzari
Cheibriados
Dithmenos
Elyvilon
Fedhas
Gozag
Hepliaklqana
Kikubaaqudgha
Makhleb
Nemelex Xobeh
Okawaru
Pakellas
Qazlal
Ru
Sif Muna
Trog
Uskayaw
Vehumet
Xom
Yredelemnul
Zin
The Shining One
Beogh
Jiyva

Shops:
D:5 :   D:8 =}   D:9 [   D:12 *   D:13 [[   D:14 (   Orc:2 ([:*   Shoals:1 =

Annotations:
Lair:5 1 exclusion


Innate Abilities, Weirdness & Mutations

You revert to your normal form in water.
You are very nimble and swift while swimming.
You occasionally shout uncontrollably at your foes.


Message History

You block the smoke demon's attack.
The Tzitzimitl calls on the powers of darkness!
The deep elf demonologist convulses!
Your body is wracked with pain!
* * * LOW HITPOINT WARNING * * *
You take 35 damage, and have 13/182 hp.
You feel much better. The blizzard demon misses you. x2
The Ice Fiend gestures at you. The bolt of cold hits you! You resist.
* * * LOW HITPOINT WARNING * * *
The deep elf demonologist casts a spell.
The smoke demon completely misses you. You block the smoke demon's attack. x2
You take 10 damage, and have 3/182 hp.
Okay, then.
You feel much better.
The blizzard demon completely misses you.
The blizzard demon barely misses you. The Ice Fiend claws you!
* * * LOW HITPOINT WARNING * * *
The Ice Fiend freezes you! You resist.
You die...
Fedhas appreciates your contribution to the ecosystem.

##.## #...........
.....# #.##'#####+#
......# #.#...# #.##
....... #.+.∩.# #...
.......##.#...##...
.....)....#####..#
..........# ##..##.##
.......##.###.1......
.......
#.##.@####.###
......#
#.'..32e13.... .....#
#.############ ##.##
#.. #. #.# ##. #


You could see a Tzitzimitl, an Ice Fiend, a blizzard demon, a soul eater, a deep
elf demonologist and a smoke demon.

Vanquished Creatures
  Saint Roka (Orc:2)
  Vashnia (Snake:4)
  A kraken (Shoals:4)
  Frances (D:13)
  Donald (Shoals:4)
  The ghost of Noname the Warrior, an adept HOFi of Beogh (Snake:4)
  Kirke (Shoals:4)
  12 greater nagas
  Ilsuiw (Shoals:4)
  A frost giant (IceCv)
  5 vault wardens (Vaults:1)
  Aizul (Snake:1)
  3 orc warlords
  5 ironheart preservers
  A stone giant (Vaults:2)
  An entropy weaver (Vaults:1)
  2 deep elf demonologists (Vaults:2)
  A deep elf annihilator (Vaults:2)
  4 merfolk javelineers (Shoals:4)
  A deep elf death mage (Vaults:2)
  6 merfolk impalers
  A minotaur (Lab)
  2 yaktaur captains (Vaults:1)
  3 hydras (Lair:5)
  Fannar (Lair:2)
  A rakshasa (D:14)
  5 vault guards
  16 naga warriors
  Harold (Lair:1)
  5 merfolk aquamancers
  4 merfolk avatars
  Erica (D:9)
  5 ogre magi (Vaults:1)
  14 anacondas
  3 catoblepae
  3 centaur warriors
  A satyr (Shoals:3)
  2 alligator snapping turtles
  6 death yaks
  21 naga sharpshooters
  10 shock serpents
  9 orc high priests
  A sun demon (WizLab)
  7 deep elf knights
  3 skeletal warriors (D:14)
  Sonja (D:12)
  A salamander mystic (Snake:3)
  A sea snake (shapeshifter) (Vaults:1)
  A shadow wraith (Vaults:1)
  4 unseen horrors
  7 sea snakes
  9 hill giants
  11 naga ritualists
  5 orc knights
  2 deep elf archers
  4 wizards
  18 harpies
  4 ironbrand convokers (Vaults:1)
  2 harpies (shapeshifter) (D:15)
  2 necromancers (Vaults:1)
  2 orc sorcerers (Orc:1)
  2 fauns
  18 mana vipers
  21 ugly things
  An orb spider (shapeshifter) (D:15)
  A wolf spider (Vaults:1)
  20 deep elf magi
  6 griffons
  8 cyclopes
  10 salamanders
  A cyclops (shapeshifter) (D:14)
  16 manticores
  10 sirens
  10 guardian serpents
  3 water nymphs
  Maurice (D:8)
  14 elephants
  3 vault sentinels (Vaults:1)
  2 gargoyles (D:14)
  42 black mambas
  Psyche (D:9)
  19 naga magi
  5 orange demons
  8 spiny frogs
  4 rime drakes
  4 kobold demonologists (D:15)
  12 yaktaurs
  A red devil (WizLab)
  7 komodo dragons
  40 merfolk
  A meliai (shapeshifter) (D:14)
  12 trolls
  3 trolls (shapeshifter)
  Grinder (D:3)
  26 slime creatures
  21 polar bears
  A blink frog (shapeshifter) (Vaults:1)
  7 two-headed ogres
  Prince Ribbit (D:6)
  3 wind drakes
  14 blink frogs
  9 snapping turtles
  A vampire (D:13)
  Sigmund (D:4)
  A wraith (Vaults:1)
  13 spriggans (Lair:6)
  2 shadows
  8 water elementals
  11 hippogriffs
  A yak (shapeshifter) (D:11)
  73 yaks
  A human (D:8)
  2 wyverns
  3 basilisks
  77 nagas
  A mottled dragon (Vaults:2)
  A hungry ghost (D:13)
  4 vampire mosquitoes (D:14)
  2 human simulacra (Vaults:1)
  A steam dragon (D:11)
  A soldier ant (shapeshifter) (D:15)
  11 wargs
  A hell hound (shapeshifter) (Vaults:1)
  9 porcupines
  7 water moccasins
  4 wasps (Lair:6)
  3 black bears (Lair:6)
  A hornet simulacrum (Vaults:1)
  4 ice beasts
  3 sky beasts
  A necrophage (D:11)
  51 orc warriors
  23 ogres
  4 phantoms
  4 centaurs
  39 wolves
  7 boggarts
  An orc skeleton (Vaults:1)
  12 crocodiles
  A big kobold (D:7)
  18 giant frogs
  6 scorpions
  8 killer bees
  12 wights
  3 howler monkeys
  An electric eel (D:10)
  4 crimson imps
  4 hounds
  2 centaur zombies (D:11)
  48 orc priests
  16 orc wizards
  A jelly (D:7)
  Crazy Yiuf (D:3)
  7 centaur skeletons
  13 iguanas
  7 hell rats
  5 worker ants
  22 sheep
  4 wandering mushrooms
  Robin (D:4)
  11 adders
  4 gnolls
  35 river rats
  5 shadow imps
  6 oozes
  2 adder skeletons
  An adder zombie (D:7)
  3 worms
  2 dart slugs
  20 giant geckos
  122 orcs
  16 ball pythons
  20 bats
  18 giant cockroaches
  14 goblins
  8 hobgoblins
  22 jackals
  15 kobolds
  5 quokkas
  A bat (shapeshifter) (D:15)
  11 giant newts
  A quokka skeleton (D:4)
  A quokka zombie (D:8)
  7 rats
  5 ballistomycetes
  2 fungi
  5 giant spores (Snake:4)
  A plant (Lair:5)
  3 tentacles (Shoals:4)
  2 toadstools (Snake:4)
1580 creatures vanquished.

Vanquished Creatures (collateral kills)
  An orc high priest (Orc:2)
  2 deep elf magi (D:12)
  A griffon (Lair:5)
  A water nymph (Shoals:4)
  A komodo dragon (Lair:3)
  A polar bear (Lair:5)
  A steam dragon (Lair:5)
  3 nagas
  An ice beast (D:14)
  An orc warrior (Orc:2)
  An ogre (Orc:2)
  A wolf (Lair:6)
  An orc priest (Orc:2)
  3 orc wizards
  2 adders
  A river rat (Lair:3)
  10 orcs
  5 giant spores (Snake:4)
37 creatures vanquished.

Vanquished Creatures (others)
  A yaktaur captain (Vaults:2)
  A centaur warrior (D:15)
  A naga sharpshooter (Snake:4)
  A salamander mystic (Snake:4)
  A deep elf archer (Vaults:1)
  A deep elf mage (Vaults:1)
  An oklob plant (Lair:5)
  A cyclops (Vaults:1)
  A guardian serpent (Snake:4)
  A stone giant skeleton (Vaults:1)
  A rime drake (IceCv)
  4 yaktaurs
  3 humans (Shoals:4)
  61 wandering mushrooms
  A naga (Snake:4)
  An orc warrior (D:12)
  A necrophage (D:12)
  A boulder beetle zombie (Vaults:1)
  A killer bee zombie (D:9)
  An orc (Orc:1)
  21 ballistomycetes
  12 fungi
  12 giant spores
  A hyperactive ballistomycete (Snake:4)
  27 plants
  7 tentacles (Shoals:4)
  267 tentacle segments (Shoals:4)
  1262 toadstools
1694 creatures vanquished.

Grand Total: 3311 creatures vanquished

Notes
Turn   | Place    | Note
-------+----------+-------------------------------------------
     0 | D:1      | mistymad the Merfolk Monk began the quest for the Orb.
     0 | D:1      | Reached XP level 1. HP: 18/18 MP: 1/1
   311 | D:1      | Reached XP level 2. HP: 24/24 MP: 2/2
   510 | D:1      | Reached skill level 5 in Polearms
   598 | D:1      | Reached XP level 3. HP: 24/29 MP: 3/3
  1218 | D:2      | Found an oddly glowing altar of Pakellas.
  1235 | D:2      | Reached skill level 1 in Armour
  1377 | D:2      | Reached XP level 4. HP: 37/37 MP: 4/4
  1438 | D:2      | Found a glowing silver altar of Zin.
  1847 | D:3      | Found a stormy altar of Qazlal.
  1950 | D:3      | Noticed Grinder
  1951 | D:3      | Paralysed by Grinder for 7 turns
  1992 | D:3      | Reached skill level 4 in Fighting
  2103 | D:3      | Found a runed door.
  2107 | D:3      | Noticed Crazy Yiuf
  2129 | D:3      | Killed Crazy Yiuf
  2246 | D:3      | Reached XP level 5. HP: 34/42 MP: 5/5
  2465 | D:3      | Reached skill level 5 in Dodging
  2809 | D:4      | Noticed Robin
  3049 | D:4      | Killed Robin
  3142 | D:4      | Found a glowing drain.
  3146 | Sewer    | Entered a sewer
  3496 | Sewer    | Reached XP level 6. HP: 45/49 MP: 6/6
  3842 | Sewer    | Reached XP level 7. HP: 6/55 MP: 7/7
  4382 | D:4      | Noticed Sigmund
  4440 | D:5      | Entered Level 5 of the Dungeon
  4670 | D:5      | Found Biehox's Book Shoppe.
  4690 | D:5      | Found a snail-covered altar of Cheibriados.
  4784 | D:5      | Found a hide-covered altar of Uskayaw.
  4832 | D:5      | Reached skill level 5 in Fighting
  5416 | D:5      | Found a hazy altar of Hepliaklqana.
  6176 | D:6      | Found a staircase to the Ecumenical Temple.
  6194 | Temple   | Entered the Ecumenical Temple
  6273 | Temple   | Became a worshipper of Fedhas Madash
  6273 | Temple   | Reached * piety under Fedhas
  6273 | Temple   | Reached ** piety under Fedhas
  6353 | D:6      | Found a shattered altar of Ashenzari.
  6389 | D:6      | Noticed a hill giant
  6434 | D:6      | Noticed Prince Ribbit
  6454 | D:6      | Killed Prince Ribbit
  6454 | D:6      | Reached XP level 8. HP: 64/64 MP: 8/8
  7241 | D:7      | Reached skill level 6 in Fighting
  7553 | D:7      | Found an iron altar of Okawaru.
  8048 | D:7      | Reached XP level 9. HP: 58/71 MP: 9/9
  8418 | D:6      | Killed a hill giant
  8418 | D:6      | Reached skill level 7 in Fighting
  8418 | D:6      | Reached skill level 10 in Polearms
  9238 | D:8      | Found a radiant altar of Vehumet.
  9269 | D:8      | Found a staircase to the Lair.
  9291 | D:8      | Found Pungopt's Gadget Shoppe.
  9303 | D:8      | Noticed Maurice
  9345 | D:8      | Killed Maurice
  9345 | D:8      | Reached skill level 8 in Fighting
  9345 | D:8      | Reached skill level 5 in Armour
  9345 | D:8      | Reached XP level 10. HP: 35/80 MP: 10/10
  9489 | D:4      | Killed Sigmund
  9617 | D:3      | Killed Grinder
 10447 | Lair:1   | Entered Level 1 of the Lair of Beasts
 10545 | Lair:1   | Noticed Harold
 10619 | Lair:1   | Killed Harold
 10619 | Lair:1   | Reached skill level 9 in Fighting
 10619 | Lair:1   | Reached skill level 10 in Dodging
 10948 | Lair:1   | HP: 2/83 [komodo dragon (15)]
 12558 | Lair:1   | Reached XP level 11. HP: 72/90 MP: 11/11
 12770 | Lair:2   | Noticed Fannar
 13397 | Lair:2   | Reached skill level 10 in Fighting
 14206 | Lair:3   | Reached *** piety under Fedhas
 14989 | Lair:3   | Noticed a death yak
 15807 | Lair:3   | Noticed a death yak
 15809 | Lair:3   | Noticed a death yak
 15809 | Lair:3   | Noticed a death yak
 15810 | Lair:3   | Noticed a death yak
 15874 | Lair:3   | Killed a death yak
 15888 | Lair:3   | Killed a death yak
 15888 | Lair:3   | Reached XP level 12. HP: 84/99 MP: 12/12
 15976 | Lair:3   | Killed a death yak
 15981 | Lair:3   | Killed a death yak
 15981 | Lair:3   | Reached skill level 11 in Fighting
 16999 | Lair:4   | Found a staircase to the Snake Pit.
 17509 | Lair:4   | Found a staircase to the Shoals.
 18301 | Lair:4   | Reached **** piety under Fedhas
 18627 | Lair:5   | Noticed a six-headed hydra
 18641 | Lair:5   | Killed a six-headed hydra
 18641 | Lair:5   | Reached skill level 12 in Fighting
 18771 | Lair:5   | Noticed a seven-headed hydra
 18795 | Lair:5   | Killed a seven-headed hydra
 18986 | Lair:5   | Reached XP level 13. HP: 42/108 MP: 13/13
 19690 | Lair:5   | Found a viscous altar of Jiyva.
 19691 | Lair:5   | Found a staircase to the Slime Pits.
 20763 | Lair:5   | Got a pair of transparent gloves
 20822 | Lair:5   | Identified the +0 pair of gloves of Lifelessness {*Contam rC- rN+ Int+8} (You found it on level 5 of the Lair of Beasts)
 20851 | Lair:5   | Gained mutation: You occasionally shout uncontrollably at your foes. [mutagenic glow]
 20861 | Lair:6   | Entered Level 6 of the Lair of Beasts
 21326 | Lair:6   | HP: 7/163 [death yak (12)]
 21761 | Lair:6   | Reached skill level 13 in Fighting
 21891 | Lair:6   | Reached skill level 15 in Dodging
 22390 | Lair:6   | Got a pitted glaive
 22453 | Lair:6   | Identified the +6 glaive of Cobwebs {pain, Str+6} (You found it on level 6 of the Lair of Beasts)
 22768 | Lair:6   | Reached ***** piety under Fedhas
 23408 | D:8      | Found Kaunugotz's Jewellery Shoppe.
 23422 | D:8      | Bought the amulet of Surprise {Reflect Dex+2 SH+5} for 470 gold pieces
 23423 | D:8      | Bought the ring of Neofi {Str+4 Dex+8} for 660 gold pieces
 23567 | D:8      | Reached XP level 14. HP: 119/119 MP: 14/14
 24289 | D:9      | Noticed Erica
 24304 | D:9      | Killed Erica
 24785 | D:9      | Found a bloodstained altar of Trog.
 25137 | D:9      | Noticed Psyche
 25143 | D:9      | Reached skill level 14 in Fighting
 25234 | D:9      | Killed Psyche
 25234 | D:9      | Reached skill level 10 in Armour
 25305 | D:9      | Found Cebaud's Armour Shoppe.
 25377 | D:10     | Entered Level 10 of the Dungeon
 25633 | D:10     | Found a staircase to the Orcish Mines.
 25862 | D:11     | Gained mutation: You are covered in fur. (AC +1) [mutagenic meat]
 25865 | D:11     | Gained mutation: Your spells are a little harder to cast, but a little more powerful. [mutagenic meat]
 25868 | D:11     | Gained mutation: You have a pair of small antennae on your head. [mutagenic meat]
 25871 | D:11     | Gained mutation: You sometimes yell uncontrollably at your foes. [mutagenic meat]
 26434 | D:12     | Got a slimy shield
 26436 | D:12     | Identified the +0 shield of Jimyut {+Blink rElec rN+++ MR-} (You found it on level 12 of the Dungeon)
 26629 | D:12     | Found a labyrinth entrance.
 26639 | D:12     | Noticed Sonja
 26655 | D:12     | Killed Sonja
 26692 | Lab      | Entered a labyrinth
 27075 | Lab      | Got a brightly glowing cloak
 27075 | Lab      | Got a scorched ring mail
 27088 | Lab      | Identified the +8 ring mail of the Blessed Realm {MP+9 Dex+2} (You found it in a labyrinth)
 27091 | Lab      | Identified the +2 cloak of Precision Catastrophes {Dex+2} (You found it in a labyrinth)
 27117 | Lab      | Got a shimmering helmet
 27316 | Orc:1    | Entered Level 1 of the Orcish Mines
 27372 | Orc:1    | Noticed an orc warlord
 27663 | D:10     | Killed an orc warlord
 27693 | Orc:1    | Paralysed by an orc sorcerer for 6 turns
 27724 | Orc:1    | Noticed an orc warlord
 27728 | Orc:1    | Killed an orc warlord
 28269 | Orc:1    | Found a roughly hewn altar of Beogh.
 28428 | Orc:2    | Entered Level 2 of the Orcish Mines
 28454 | Orc:1    | Reached skill level 1 in Shields
 28583 | Orc:2    | Reached skill level 15 in Fighting
 28905 | Orc:2    | Noticed an orc warlord
 28938 | Orc:1    | Killed an orc warlord
 28938 | Orc:1    | Reached XP level 15. HP: 53/129 MP: 15/15
 29425 | Orc:2    | Found a staircase to the Elven Halls.
 29431 | Orc:2    | Noticed Saint Roka
 29808 | Orc:2    | Found Rinuodar's General Store.
 29808 | Orc:2    | Found Muluint's Book Boutique.
 30027 | Lair:4   | Reached skill level 1 in Invocations
 30050 | Snake:1  | Entered Level 1 of the Snake Pit
 30966 | Snake:1  | Noticed Aizul
 30980 | Snake:1  | Killed Aizul
 31501 | Shoals:1 | Entered Level 1 of the Shoals
 31717 | Shoals:1 | Found Jyci Zam's Jewellery Boutique.
 32346 | Shoals:2 | Reached skill level 5 in Invocations
 32479 | Shoals:2 | Identified a scroll of acquirement
 32484 | Shoals:2 | Got a shimmering buckler
 32491 | Shoals:2 | Identified the +3 buckler of Mental Paralysis {rElec} (You acquired it on level 2 of the Shoals)
 32662 | Shoals:2 | Reached skill level 16 in Fighting
 32668 | Shoals:2 | Reached XP level 16. HP: 134/138 MP: 20/20
 33223 | Shoals:3 | HP: 3/138 [snapping turtle (33)]
 34747 | Shoals:4 | Entered Level 4 of the Shoals
 34750 | Shoals:4 | Noticed Ilsuiw
 34781 | Shoals:4 | Killed Ilsuiw
 34886 | Shoals:4 | Reached ****** piety under Fedhas
 34966 | Shoals:4 | Noticed a kraken
 35542 | Shoals:4 | Noticed Kirke
 35583 | Shoals:4 | Noticed a sphinx
 35959 | Shoals:4 | Noticed Donald
 35974 | Shoals:4 | Killed Donald
 36101 | Shoals:4 | Killed Kirke
 36440 | Shoals:4 | Reached skill level 17 in Fighting
 36698 | Shoals:4 | Got a barnacled rune of Zot
 36781 | Shoals:4 | Reached XP level 17. HP: 147/147 MP: 21/21
 37214 | Shoals:4 | Killed a kraken
 37512 | Snake:2  | HP: 7/148 [naga sharpshooter/bolt (35)]
 38526 | Orc:2    | Bought a potion of heal wounds for 70 gold pieces
 38587 | Orc:2    | Killed Saint Roka
 38858 | Orc:2    | Found a roughly hewn altar of Beogh.
 38908 | Orc:2    | Found Eqintiar's Antique Armour Emporium.
 38908 | Orc:2    | Found Coplupne's Weapon Boutique.
 39008 | Orc:2    | Bought a glowing cloak for 180 gold pieces
 39384 | Orc:1    | Lost mutation: You have a pair of small antennae on your head. [potion of cure mutation]
 39384 | Orc:1    | Lost mutation: Your spells are a little harder to cast, but a little more powerful. [potion of cure mutation]
 39384 | Orc:1    | Lost mutation: You sometimes yell uncontrollably at your foes. [potion of cure mutation]
 39384 | Orc:1    | Lost mutation: You are covered in fur. (AC +1) [potion of cure mutation]
 39385 | Orc:1    | Identified the +0 helmet of Hepliaklqana {Str+4} (You found it in a labyrinth)
 39462 | D:9      | Bought a +0 shield of resistance for 441 gold pieces
 39753 | D:12     | Found Viplushy's Assorted Antiques.
 39756 | D:12     | Bought a scroll of brand weapon for 440 gold pieces
 40145 | D:12     | Reached skill level 18 in Fighting
 40391 | D:13     | Found Gezump's Armour Shoppe.
 40500 | D:13     | Found a frozen archway.
 40504 | IceCv    | Entered an ice cave
 40618 | IceCv    | Reached skill level 5 in Shields
 41260 | D:13     | Reached XP level 18. HP: 156/157 MP: 22/22
 41404 | D:13     | Noticed Frances
 41412 | D:13     | Killed Frances
 41509 | D:13     | Found Doluutywn's Armour Emporium.
 41517 | D:13     | Bought a +0 pair of boots of running for 598 gold pieces
 41889 | D:14     | Found a gate to the Vaults.
 43040 | D:14     | Found Feppibro's Antique Weapon Emporium.
 43224 | Vaults:1 | Entered Level 1 of the Vaults
 43237 | Vaults:1 | Reached skill level 19 in Fighting
 44132 | Vaults:1 | Reached skill level 10 in Shields
 44683 | Vaults:1 | Reached XP level 19. HP: 168/168 MP: 23/23
 45132 | Vaults:1 | Reached skill level 20 in Fighting
 47682 | Snake:4  | Entered Level 4 of the Snake Pit
 47692 | Snake:4  | Noticed Vashnia
 47712 | Snake:4  | Killed Vashnia
 47742 | Snake:4  | Noticed Noname's ghost (adept HOFi)
 47785 | Snake:4  | Killed Noname's ghost
 47800 | Snake:4  | Reached skill level 21 in Fighting
 48596 | Snake:4  | Reached XP level 20. HP: 171/180 MP: 24/24
 48870 | Snake:4  | Got a serpentine rune of Zot
 49851 | Lair:2   | Killed Fannar
 50025 | D:15     | Entered Level 15 of the Dungeon
 50373 | D:15     | Reached skill level 22 in Fighting
 50382 | D:15     | Found a staircase to the Depths.
 51303 | Vaults:2 | Found a magical portal.
 51312 | WizLab   | Entered The Hall of the Hellbinder
 51349 | WizLab   | Noticed a Tzitzimitl
 51356 | WizLab   | Reached skill level 15 in Shields
 51360 | WizLab   | HP: 3/182 [Ice Fiend/bolt of cold[a deep elf demonologist] (26)]
 51361 | WizLab   | Mangled by an Ice Fiend

Vault maps used:
D:1:      saegor_arrival_simple_b, minmay_crystal_room, minmay_distorted
D:2:      zin_statuary, overflow_temple_1_default, first_bread,
          grunt_ministairs_9
D:3:      lemuel_crystal_altar, uniq_crazy_yiuf_cottage, uniq_grinder
D:4:      gup_sewer_entry_bowl, minivault_19, uniq_sigmund, uniq_robin
D:5:      lemuel_round_altar, lemuel_doored_altar, lemuel_crystal_altar,
          serial_shops, nicolae_shop_stone
D:6:      old_standard_altar, uniq_prince_ribbit1
D:7:      basic_altar
D:8:      kennysheep_big_flooded_room, kennysheep_mini_moat,
          erik_lair_orcish_takeover, serial_shops, shop,
          nicolae_shop_behind_doors, grunt_livestock, uniq_maurice
D:9:      lightli_temple_of_fire, serial_shops, kennysheep_little_box,
          uniq_erica, uniq_psyche
D:10:     orc_0_dummy
D:11:     kennysheep_generic_room_12
D:12:     minmay_elf_outpost, lab_entry_generic, serial_shops,
          nicolae_shop_statue_plus, uniq_sonja
D:13:     serial_shops, nicolae_shop_competitors_out_of_business,
          kennysheep_mini, portal_ice_cave_entry_pillars_1,
          einodemon_barbed_minivault, uniq_frances
D:14:     minmay_connected_triangles_in_corner,
          lightli_vaults_fourway_checkpoint, serial_shops,
          nicolae_shop_behind_doors
D:15:     gammafunk_enter_depths_forms, minivault_27, roderic_lattice_a
Temple:   dshaligram_water_room_temple
Lair:1:   uniq_harold
Lair:2:   hibernation_bobbens, infiniplex_staircase_pool, uniq_fannar
Lair:3:   serial_bayou_shore_a
Lair:4:   minmay_shoals_entry_hut, guppyfry_snake_entry_island,
          grunt_megastairs_1
Lair:5:   slime_altar_1, serial_bayou_pond_c, minivault_23,
          bobbens_dragon_lair_wall, grunt_megastairs_4
Lair:6:   minmay_lair_end_enchanted_forest
Shoals:1: serial_shops, nicolae_shop_trees
Shoals:4: shoals_end_hangedman, shoals_ilsuiw_ice, uniq_kirke, uniq_donald
Snake:1:  spider_trap, uniq_aizul
Snake:3:  grunt_megastairs_3
Snake:4:  johnstein_snake_rune_scales, uniq_vashnia
Orc:1:    bh_open_orc_temple
Orc:2:    st_orc_town, uniq_saint_roka
Vaults:1: nicolae_vaults_little_squares_6, vaults_room_grunt_arrival_ludios,
          vaults_room_fours, dpeg_vaults_monster_box, vaults_room_pools,
          v_rooms_5, vaults_room_fancy_cross, nicolae_vaults_an_arrangement,
          vaults_dpeg_diagonal, grunt_vaults_hallway_short
Vaults:2: v_misc_17, nicolae_vaults_yaktaur_gun_rack, hangedman_vaults_cutoff,
          v_misc_15, vaults_room_door_hall, v_misc_5, st_smaller_cells,
          minmay_crypt_entry_simple_box, nicolae_vaults_big_ls,
          vaults_room_fours, vaults_dpeg_cross, vaults_room_mumra_shop_pool,
          mu_enter_wizlab_4
Lab:      labyrinth_lava_lair, nicolae_lab_very_dead_end
Sewer:    sewer_frog_island_02
IceCv:    ice_cave_caverns_03
WizLab:   wizlab_demon

Skill      XL: |  1  2  3  4  5  6  7  8  9 10 11 12 13 14 15 16 17 18 19 20 |
---------------+-------------------------------------------------------------+-----
Polearms       | 5 6 7 8 9 11 12 13 14 | 14.2
Armour         | 1 2 3 4 5 6 7 8 9 10 11 12 13 | 13.0
Fighting       | 4 5 6 8 9 10 12 13 15 16 17 18 19 21 22 | 22.2
Dodging        | 5 7 8 9 10 12 14 15 17 18 19 20 | 20.3
Shields        | 2 6 10 13 15 | 15.0
Invocations    | 5 6 |  6.1
Stealth        | |  2.1

Action                   |  1- 3 |  4- 6 |  7- 9 | 10-12 | 13-15 | 16-18 | 19-21 || total
-------------------------+-------+-------+-------+-------+-------+-------+-------++-------
Melee: Spear             |   163 |   429 |   574 |  1131 |   354 |       |       ||  2651
       Tailslap          |       |    21 |     8 |    50 |    14 |    23 |    25 ||   141
       Trident           |       |       |       |   432 |    47 |       |       ||   479
       Glaive            |       |       |       |       |  1112 |   488 |       ||  1600
       Demon trident     |       |       |       |       |       |  1155 |  1171 ||  2326
Throw: Throwing net      |       |       |       |       |     1 |       |     2 ||     3
Invok: Evolution         |       |       |     4 |     5 |    33 |    27 |    17 ||    86
       Sunlight          |       |       |       |       |       |     1 |       ||     1
       Reproduction      |       |       |       |       |       |     1 |     8 ||     9
       Rain              |       |       |       |       |       |     1 |     1 ||     2
 Abil: Evoke Flight      |       |       |       |       |     2 |       |       ||     2
       Stop Flying       |       |       |       |       |     1 |       |       ||     1
Evoke: Wand              |       |     1 |       |       |     1 |     1 |       ||     3
  Use: Scroll            |     6 |       |     6 |     4 |    20 |    14 |     8 ||    58
       Potion            |       |     3 |     1 |     1 |     6 |    11 |     4 ||    26
 Stab: Sleeping          |     7 |     7 |     7 |     4 |     3 |     6 |     3 ||    37
       Distracted        |       |       |     7 |     4 |     4 |     7 |     2 ||    24
       Confused          |       |       |       |     5 |     5 |     7 |    22 ||    39
       Petrifying        |       |       |       |       |       |     1 |       ||     1
       Held in net/web   |       |       |       |       |       |       |     1 ||     1
  Eat: Chunk             |     2 |     7 |    19 |    23 |    46 |    36 |    16 ||   149
       Bread ration      |       |       |       |     2 |       |       |       ||     2
       Beef jerky        |       |       |       |       |     2 |       |       ||     2
       Pizza             |       |       |       |       |       |     2 |     4 ||     6
Armor: Robe              |    12 |       |       |       |       |       |       ||    12
       Leather armour    |    11 |    26 |       |       |       |       |       ||    37
       Animal skin       |       |    45 |    34 |       |       |       |       ||    79
       Skin              |       |     4 |       |       |    11 |       |       ||    15
       Ring mail         |       |       |    25 |   171 |   152 |   160 |    69 ||   577
       Plate armour      |       |       |       |       |   163 |    16 |       ||   179
Dodge: Dodged            |    96 |   322 |   261 |   689 |  1181 |  1185 |   473 ||  4207
Block: Other             |       |       |       |       |   207 |   144 |       ||   351
       Reflection        |       |       |       |       |    11 |    51 |   115 ||   177
       Shield            |       |       |       |       |       |   472 |   802 ||  1274
       Buckler           |       |       |       |       |       |    69 |       ||    69
